 Dungeon Crawl Stone Soup version 0.27-a0-1186-g8b4daa1eef (webtiles) character file.

Game seed: 457746887681286575

17 Sweetruy1997 the Chiller (level 2, 0/28 HPs)
             Began as a Vampire Ice Elementalist on May 19, 2021.
             Succumbed to a goblin's poison
             ... on level 2 of the Dungeon.
             The game lasted 00:03:25 (1290 turns).

Sweetruy1997 the Chiller (Vampire Ice Elementalist) Turns: 1290, Time: 00:03:26

Health: 0/28       AC: 21    Str:  7    XL:     2   Next: 44%
Magic:  3/5        EV:  2    Int: 17    God:
Gold:   37         SH:  0    Dex: 14    Spells: 4/5 levels left

rFire    . . .     SeeInvis +   d - +0 dagger
rCold    . . .     Faith    .   (no shield)
rNeg     + + +     Spirit   .   (armour currently unavailable)
rPois    +         Reflect  .   (helmet currently unavailable)
rElec    .         Harm     .   (cloak currently unavailable)
rCorr    .         Rampage  .   (gloves currently unavailable)
Will     .....     NoTele   +   (boots currently unavailable)
Stlth    ++........             (no amulet)
HPRegen  0.29/turn              (no ring)
MPRegen  0.09/turn              (no ring)

@: lethally poisoned (0 -> -10), tree-form, healing quickly
A: stationary, stasis, torment immunity, boosted hp, alive, (fangs 3), see
invisible, vampiric 1
a: Exsanguinate


You were on level 2 of the Dungeon.
You were a tree.
You visited 1 branch of the dungeon, and saw 2 of its levels.

You collected 37 gold pieces.

Inventory:

Hand Weapons
 d - a +0 dagger (weapon)
Armour
 a - a +0 robe (melded)
Scrolls
 e - a scroll of vulnerability {unknown}
 f - a scroll of teleportation {unknown}
Potions
 c - a potion of flight


   Skills:
 + Level 0.1 Fighting
 + Level 2.3 Dodging
 + Level 3.2 Stealth
 + Level 2.1 Spellcasting
 + Level 4.4 Ice Magic


You had 4 spell levels left.
You knew the following spells:

 Your Spells              Type           Power      Damage    Failure   Level
a - Freeze                Ice            64%        1d8       3%          1

Your spell library contained the following spells:

 Spells                   Type           Power      Damage    Failure   Level
 Frozen Ramparts          Ice            32%        1d5       10%         3
 Ozocubu's Armour         Ice            16%        N/A       10%         3
 Beastly Appendage        Tmut           2%         N/A       19%         1
 Wereblood                Tmut           1%         N/A       28%         2
 Confusing Touch          Hex            1%         N/A       50%         3
 Gell's Gravitas          Tloc           0%         N/A       50%         3
 Spider Form              Tmut/Pois      0%         N/A       50%         3
 Hailstorm                Conj/Ice       9%         3d4       58%         4
 Ice Form                 Ice/Tmut       9%         N/A       58%         4
 Petrify                  Tmut/Erth      1%         N/A       88%         4
 Metabolic Englaciation   Hex/Ice        4%         N/A       91%         5
 Hydra Form               Tmut           0%         N/A       99%         5
 Yara's Violent Unravell  Hex/Tmut       0%         3d3       99%         5


Dungeon Overview and Level Annotations

Branches:
Dungeon (2/15)

Altars:

Annotations:
D:2 Robin


Innate Abilities, Weirdness & Mutations

You are a tree.
Your roots penetrate the ground, keeping you stationary.
You cannot be teleported.
You are immune to unholy pain and torment.
Your maximum health is greatly increased.
Your equipment is partially melded.
Your natural rate of healing is accelerated.
((You have razor-sharp teeth.))
You have supernaturally acute eyesight. (SInv)
You are afflicted with vampirism.


Message History

Aim: a hobgoblin You freeze the hobgoblin.
The hobgoblin is lightly wounded.
The hobgoblin hits you.
A goblin comes into view. It is wielding a +0 dagger.
Aiming: Freeze (safe; 3% risk of failure)
Press: ? - help, Q - select action Shift-Dir - straight line, f/p - hobgoblin
Aim: a hobgoblin (lightly wounded)
You freeze the hobgoblin.
The hobgoblin is almost dead.
The hobgoblin misses you.
You hit the hobgoblin.
You kill the hobgoblin!
You hit the goblin but do no damage.
The goblin hits you with a +0 dagger of venom.
You closely miss the goblin.
The goblin hits you with a +0 dagger of venom.
You are lethally poisoned!
A goblin comes into view. It is wielding a +0 club.
You hit the goblin but do no damage.
You feel very sick. The goblin hits you but does no damage.
You are more poisoned.
Your magical contamination has completely faded away.
Unknown command.
Unknown command.
It was a potion of lignification.
You turn into a tree.
Your +0 robe melds into your body.
Your roots penetrate the ground.
You feel very sick. The goblin hits you but does no damage.
It was a potion of flight.
Your roots keep you in place.
* * * LOW HITPOINT WARNING * * *
You feel very sick. The goblin hits you but does no damage.
You completely miss the goblin.
* * * LOW HITPOINT WARNING * * *
You feel very sick. The goblin hits you but does no damage.
You miss the goblin.
You die... .......# .#.....#### .≈≈.......# ..≈≈....#.# # ...≈≈...#.# #g### ...#...#..# g#.## ...#..###.## gg.

..>..## ##.# #g#
#..#..###.## #♣#
#..#.#.#..# #.#
.>........# #.#
...###..### #.#
>.......########.#
..............##.#
.#.#...##........#
.#.#...######.####
##.###.# #.#


You could see a hobgoblin and 4 goblins.

Vanquished Creatures
  A bat (D:2)
  3 endoplasms (D:1)
  2 goblins (D:1)
  3 hobgoblins
  2 jackals (D:1)
  A frilled lizard (D:1)
  2 rats
14 creatures vanquished.

Notes
Turn   | Place    | Note
-------+----------+-------------------------------------------
     0 | D:1      | Sweetruy1997 the Vampire Ice Elementalist began the quest
                  | for the Orb.
     0 | D:1      | Reached XP level 1. HP: 13/13 MP: 3/3
   216 | D:1      | Reached XP level 2. HP: 19/19 MP: 0/5
  1279 | D:2      | Noticed Robin
  1289 | D:2      | HP: 1/28 [poisoned by a goblin]
  1290 | D:2      | Succumbed to a goblin's poison

Illustrated notes

Levels and vault maps discovered:
D:1:      dpeg_arrival_simpleton_b, layout_loops_corners, kennysheep_doodads,
          st_stairs_2, kennysheep_boxes
D:2:      minmay_angry_zag, layout_loops_ring, ebering_ecumenical_altar_rust,
          minmay_liquid_box, chequers_serial_rivers_small_b, grunt_decor_cap,
          uniq_robin

Action                   || total
-------------------------++-------
Melee: Unarmed           ||    24
       Bite              ||     1
       Dagger            ||     6
       Club              ||     3
 Cast: Freeze            ||    18
  Use: Potion            ||     2
Armor: Robe              ||    10
       Skin              ||     3
Dodge: Dodged            ||    18

Table legend: (Time is in decaauts)
 A = Elapsed time spent in this place.
 B = Non-inter-level travel time spent in this place.
 C = Inter-level travel time spent in this place.
 D = Time resting spent in this place.
 E = Time spent auto-exploring this place.
 F = Levels seen in this place.
 G = Mean time per level.
                   A        B        C        D        E       F      G
               +--------+--------+--------+--------+--------+-----+--------+
         Total |   1320 |   1276 |     44 |    143 |    995 |   2 |  660.0 |
       Dungeon |   1320 |   1276 |     44 |    143 |    995 |   2 |  660.0 |
               +--------+--------+--------+--------+--------+-----+--------+

Top non-repeatable levels by time:
     D:1: 1098 daAuts
     D:2: 221 daAuts
